 Dungeon Crawl Stone Soup version 0.18.1-48-g4cf74bf (webtiles) character file.

9024 Gargoyl the Protected (level 11, -6/84 HPs)
             Began as a Demonspawn Abyssal Knight on July 31, 2016.
             Was the Champion of Lugonu.
             Mangled by an orc knight
             ... wielding a +0 battleaxe
              (26 damage)
             ... on level 1 of the Orcish Mines.
             The game lasted 00:31:45 (12929 turns).

Gargoyl the Protected (Demonspawn Abyssal Knight)  Turns: 12929, Time: 00:31:46

Health: -6/84      AC: 22    Str: 16    XL:     11   Next: 17%
Magic:  25/25      EV:  4    Int: 13    God:    Lugonu [******]
Gold:   420        SH:  7    Dex: 15    Spells: 0 memorised, 17 levels left

rFire  . . .     SeeInvis +     D - +2 war axe (flame)
rCold  + + .     Gourm    .     f - +0 plate armour
rNeg   . . .     Faith    .     t - +2 buckler {rC+}
rPois  +         Spirit   .     b - +0 helmet
rElec  .         Dismiss  .     L - +2 cloak {MR+}
rCorr  .         Reflect  .     B - +2 pair of gloves
SustAt .         Harm     .     (no boots)
MR     +....                    (no amulet)
Stlth  ..........               d - ring of poison resistance
                                F - ring of magical power

@: somewhat resistant to hostile enchantments, extremely unstealthy
A: talons 2, repulsion field 1, see invisible, agile 1, cold resistance 1,
demonic guardian 2, foul stench 1, screaming 1, rot immunity
a: Depart the Abyss, Bend Space, Banish, Corrupt, Enter the Abyss, Brand Weapon
With Distortion, Renounce Religion


You were on level 1 of the Orcish Mines.
You worshipped Lugonu.
Lugonu was exalted by your worship.
You were not hungry.

You visited 2 branches of the dungeon, and saw 11 of its levels.
You visited the Abyss 1 time.
You also visited: Sewer.

You collected 561 gold pieces.
You spent 141 gold pieces at shops.

Inventory:

Hand Weapons
 D - a +2 war axe of flaming (weapon)
Missiles
 r - 18 tomahawks (quivered)
Armour
 b - a +0 helmet (worn)
 f - a +0 plate armour (worn)
 t - a +2 buckler of cold resistance (worn)
 B - a +2 pair of gloves (worn)
 L - a +2 cloak of magic resistance (worn)
Jewellery
 d - a ring of poison resistance (right hand)
 F - a ring of magical power (left hand)
 J - an uncursed ring of magical power
Wands
 g - a wand of confusion (31/48)
 p - a wand of paralysis (16/24)
 v - a wand of flame (15/48)
 y - a wand of hasting (5/9)
 H - a wand of iceblast (13/15)
 K - a wand of paralysis (10/24)
Scrolls
 e - 12 scrolls of identify
 h - 5 scrolls of teleportation
 k - 4 scrolls of remove curse
 o - 2 scrolls of amnesia
 q - a scroll of magic mapping
 z - a scroll of fog
Potions
 a - 5 potions of curing
 i - 3 potions of lignification
 m - a potion of haste
 s - 8 potions of degeneration
 w - a potion of cure mutation
 A - a potion of berserk rage {unknown}
 C - 2 potions of heal wounds
 I - a potion of might
Books
 j - a book of Flames

   Spells                             Type                      Level
   a - Flame Tongue                   Conjuration/Fire             1
   b - Throw Flame                    Conjuration/Fire             2
   c - Conjure Flame                  Conjuration/Fire             3
   d - Inner Flame                    Hexes/Fire                   3
   e - Sticky Flame                   Conjuration/Fire             4
   f - Fireball                       Conjuration/Fire             5
 x - the Papyrus of Attacks
   (You found it in a sewer)

   Spells                             Type                      Level
   a - Stone Arrow                    Conjuration/Earth            3
   b - Sticky Flame                   Conjuration/Fire             4
   c - Throw Icicle                   Conjuration/Ice              4
   d - Lightning Bolt                 Conjuration/Air              5
 E - a book of Conjurations

   Spells                             Type                      Level
   a - Magic Dart                     Conjuration                  1
   b - Searing Ray                    Conjuration                  2
   c - Dazzling Spray                 Conjuration/Hexes            3
   d - Fulminant Prism                Conjuration/Hexes            4
   e - Iskenderun's Mystic Blast      Conjuration                  4
   f - Iskenderun's Battlesphere      Conjuration/Charms           5
Comestibles
 c - 6 bread rations
 l - 10 slices of pizza
 n - a meat ration


   Skills:
 + Level 7.0 Fighting
 + Level 6.8 Axes
 + Level 3.6 Throwing
 * Level 9.5 Armour
 + Level 4.3 Dodging
 + Level 4.2 Stealth
 + Level 6.0 Shields
 + Level 3.4 Unarmed Combat
 + Level 3.5 Spellcasting
 + Level 6.1 Invocations
 + Level 0.2 Evocations


You had 17 spell levels left.
You didn't know any spells.

Dungeon Overview and Level Annotations

Branches:
Dungeon (10/15)            Temple (0/1) D:6            Lair (0/8) D:9
    Orc (1/2) D:10

Altars:
Ashenzari
Cheibriados
Dithmenos
Elyvilon
Fedhas
Makhleb
Nemelex Xobeh
Okawaru
Pakellas
Ru
Trog
Vehumet
Zin
The Shining One

Shops:
D:10 *[


Innate Abilities, Weirdness & Mutations

You have razor-sharp toenails.
You are surrounded by a mild repulsion field (EV +2).
A demonic guardian rushes to your aid.
You may emit foul miasma when damaged in melee.
You are immune to rotting.
You have supernaturally acute eyesight.
You are agile. (Dex +2)
Your flesh is cold resistant.
You occasionally shout uncontrollably at your foes.


Message History

a war axe; a plate armour Unknown command.
An orc and a troll come into view.
The troll shouts!
Your sun demon hits the orc warrior!!
The orc warrior is engulfed in flames!
The orc warrior dies!
Lugonu accepts your kill.
The orc knight hits you with a battleaxe!!
The orc knight looks sick.
The troll bites you.
* * * LOW HITPOINT WARNING * * *
The troll looks sick.
The troll claws you.
* * * LOW HITPOINT WARNING * * *
The troll claws you but does no damage.
Your ice devil hits the troll!
Your ice devil freezes the troll!!
An orc comes into view. It is wielding a flail of protection.
There is a staircase back to the Dungeon, spattered with blood here.
The orc warrior barely misses you. The troll barely misses your sun demon.
The troll claws your sun demon! The troll barely misses your sun demon.
The orc knight hits you with a battleaxe!!
You die...

...$...$.......
................
................
........T......
.......oo......
#.#....T.o.....
....o.oo....$..
#.T@3#....
###3....#..
##.4)........
#)))..........
#..o)..........
..................
........$..#.......
.#.................
....#....#........


You could see an orc knight, 3 trolls, an orc warrior, an orc wizard, 4 orcs, 2
friendly sun demons and a friendly ice devil.

Vanquished Creatures
  An unseen horror (D:8)
  Grinder (D:3)
  Sigmund (D:2)
  2 hippogriffs (D:10)
  2 sky beasts
  2 phantoms
  3 ice beasts
  A black bear (D:10)
  9 orc warriors
  2 ogres
  7 centaurs
  7 giant frogs
  3 gnoll sergeants
  A wyvern skeleton (D:10)
  9 killer bees (D:8)
  3 wights (D:8)
  5 electric eels (D:6)
  2 crimson imps
  A giant frog zombie (D:7)
  5 orc priests
  2 gnoll shamans (D:10)
  7 hounds
  6 jellies
  17 orc wizards
  Crazy Yiuf (D:2)
  An iguana (D:8)
  8 worker ants
  2 hound skeletons
  Robin (D:3)
  A worker ant zombie (D:5)
  25 gnolls
  A howler monkey skeleton (D:6)
  11 adders
  4 shadow imps
  An ooze (D:1)
  2 adder skeletons (D:9)
  3 worms
  3 dart slugs
  5 giant geckos
  37 orcs
  15 giant cockroaches
  6 hobgoblins
  8 jackals
  5 kobolds
  2 quokkas
  4 ball pythons
  8 bats
  A giant gecko skeleton (D:5)
  12 giant newts
  21 goblins
  A quokka skeleton (D:6)
  6 rats
  A plant (D:6)
295 creatures vanquished.

Vanquished Creatures (collateral kills)
  Nergalle (D:10)
  An orc knight (Orc:1)
  Maurice (Orc:1)
  2 trolls (Orc:1)
  The ghost of Crag the Cleaver, an amateur HOFi (D:3)
  Prince Ribbit (D:7)
  A hippogriff (D:10)
  4 wargs
  An orc warrior (Orc:1)
  A black bear (D:7)
  A centaur (D:6)
  A killer bee (D:8)
  2 wights (D:8)
  3 orc wizards
  An orc priest (Orc:1)
  A giant frog skeleton (D:10)
  An adder (D:6)
  2 gnolls (D:7)
  6 orcs
32 creatures vanquished.

Vanquished Creatures (others)
  An orc wizard (D:10)
  A fungus (D:2)
  A plant (D:6)
3 creatures vanquished.

Grand Total: 330 creatures vanquished

Notes
Turn   | Place    | Note
--------------------------------------------------------------
     0 | Abyss:1  | Gargoyl the Demonspawn Abyssal Knight began the quest for the Orb.
     0 | Abyss:1  | Reached XP level 1. HP: 18/18 MP: 2/2
    36 | Abyss:2  | Noticed a small abomination
    39 | Abyss:2  | Found a corrupted altar of Lugonu.
    56 | Abyss:2  | Noticed a rust devil
    60 | Abyss:2  | Noticed a starcursed mass
    61 | Abyss:2  | Noticed a large abomination
    64 | D:1      | Escaped the Abyss
   185 | D:1      | Reached skill level 2 in Armour
   281 | D:1      | Gained mutation: You have sharp toenails. [demonic ancestry]
   281 | D:1      | Reached XP level 2. HP: 20/24 MP: 3/3
   287 | D:1      | Reached * piety under Lugonu
   414 | D:1      | Reached skill level 1 in Dodging
   507 | D:1      | Gained mutation: You have razor-sharp toenails. [demonic ancestry]
   507 | D:1      | Reached XP level 3. HP: 26/29 MP: 4/4
   728 | D:2      | Found a snail-covered altar of Cheibriados.
  1633 | D:2      | Reached ** piety under Lugonu
  1727 | D:2      | Noticed Sigmund
  1735 | D:2      | Reached skill level 5 in Armour
  1735 | D:2      | Reached XP level 4. HP: 22/38 MP: 4/7
  1736 | D:2      | Reached skill level 5 in Fighting
  1736 | D:2      | Reached skill level 6 in Armour
  1736 | D:2      | Reached XP level 5. HP: 26/44 MP: 4/10
  1741 | D:2      | Killed Sigmund
  1741 | D:2      | Gained mutation: You are immune to rotting. [demonic ancestry]
  1741 | D:2      | Reached XP level 6. HP: 30/51 MP: 4/11
  1906 | D:2      | Found a blossoming altar of Fedhas.
  1998 | D:2      | Noticed Crazy Yiuf
  2023 | D:2      | Killed Crazy Yiuf
  2352 | D:3      | Noticed Robin
  2366 | D:3      | Killed Robin
  2387 | D:3      | Found a glowing drain.
  2431 | Sewer    | Entered a sewer
  2648 | Sewer    | Gained mutation: A weak demonic guardian rushes to your aid. [demonic ancestry]
  2648 | Sewer    | Reached XP level 7. HP: 56/56 MP: 12/12
  2685 | Sewer    | Reached *** piety under Lugonu
  2781 | Sewer    | Identified the Papyrus of Attacks
  3089 | D:3      | Noticed Crag's ghost (amateur HOFi)
  3100 | D:3      | Noticed Grinder
  3124 | D:3      | Killed Crag's ghost
  3135 | D:3      | Paralysed by Grinder for 3 turns
  3146 | D:3      | Killed Grinder
  3443 | D:3      | Found a sparkling altar of Nemelex Xobeh.
  3570 | D:3      | Found an iron altar of Okawaru.
  4155 | D:4      | Found a shattered altar of Ashenzari.
  4433 | D:4      | Gained mutation: You may emit foul miasma when damaged in melee. [demonic ancestry]
  4433 | D:4      | Reached XP level 8. HP: 62/64 MP: 13/13
  4713 | D:5      | Entered Level 5 of the Dungeon
  5297 | D:5      | Reached skill level 7 in Armour
  5351 | D:6      | Found a burning altar of Makhleb.
  5360 | D:6      | Found a bloodstained altar of Trog.
  5389 | D:6      | Found a staircase to the Ecumenical Temple.
  5407 | D:6      | Found an oddly glowing altar of Pakellas.
  5658 | D:6      | Found a sacrificial altar of Ru.
  5752 | D:6      | Found a sparkling altar of Nemelex Xobeh.
  6934 | D:6      | Reached skill level 5 in Axes
  6945 | D:6      | Reached **** piety under Lugonu
  6974 | D:6      | Gained mutation: You are surrounded by a mild repulsion field (EV +2). [demonic ancestry]
  6974 | D:6      | Reached XP level 9. HP: 29/69 MP: 14/14
  8396 | D:7      | Gained mutation: You are agile. (Dex +2) [mutagenic meat]
  8397 | D:7      | Gained mutation: You are frail (-10% HP). [mutagenic meat]
  8398 | D:7      | Gained mutation: You occasionally shout uncontrollably at your foes. [mutagenic meat]
  8399 | D:7      | Gained mutation: Your flesh is cold resistant. [mutagenic meat]
  8400 | D:7      | Gained mutation: Your spells are a little harder to cast, but a little more powerful. [mutagenic meat]
  8401 | D:7      | Gained mutation: You have claws for feet. [mutagenic meat]
  8498 | D:7      | Noticed Prince Ribbit
  8506 | D:7      | Killed Prince Ribbit
  8506 | D:7      | Reached skill level 8 in Armour
  8852 | D:8      | Found a radiant altar of Vehumet.
  8882 | D:8      | Reached ***** piety under Lugonu
  9088 | D:8      | Killed an unseen horror
  9088 | D:8      | Reached XP level 10. HP: 10/68 MP: 15/15
  9524 | D:8      | Found a white marble altar of Elyvilon.
  9524 | D:8      | Found a glowing silver altar of Zin.
  9525 | D:8      | Found a glowing golden altar of the Shining One.
  9635 | D:8      | Found a shadowy altar of Dithmenos.
  9703 | D:8      | Reached skill level 5 in Shields
 10267 | D:9      | Found a staircase to the Lair.
 10582 | D:9      | Gained mutation: You have supernaturally acute eyesight. [mutagenic meat]
 10583 | D:9      | Gained mutation: You are very frail (-20% HP). [mutagenic meat]
 10606 | D:9      | Lost mutation: You have claws for feet. [potion of cure mutation]
 10606 | D:9      | Lost mutation: You are very frail (-20% HP). [potion of cure mutation]
 10606 | D:9      | Lost mutation: Your spells are a little harder to cast, but a little more powerful. [potion of cure mutation]
 10606 | D:9      | Lost mutation: You are frail (-10% HP). [potion of cure mutation]
 11113 | D:9      | Found an oddly glowing altar of Pakellas.
 11309 | D:10     | Entered Level 10 of the Dungeon
 11309 | D:10     | Noticed Nergalle
 11330 | D:10     | Killed Nergalle
 11330 | D:10     | Reached skill level 9 in Armour
 11617 | D:10     | Found Ywuak's Antique Armour Shoppe.
 11628 | D:10     | Bought an embroidered cloak for 108 gold pieces
 12255 | D:10     | Gained mutation: A demonic guardian rushes to your aid. [demonic ancestry]
 12255 | D:10     | Reached XP level 11. HP: 77/83 MP: 16/16
 12348 | D:10     | Reached ****** piety under Lugonu
 12618 | D:10     | Found Coikes's General Store.
 12629 | D:10     | Bought a scroll of teleportation for 33 gold pieces
 12783 | D:10     | Found a staircase to the Orcish Mines.
 12912 | Orc:1    | Entered Level 1 of the Orcish Mines
 12912 | Orc:1    | Noticed Maurice
 12920 | Orc:1    | Killed Maurice
 12922 | Orc:1    | Noticed an orc knight
 12924 | Orc:1    | Noticed an orc knight
 12925 | Orc:1    | Killed an orc knight
 12929 | Orc:1    | Mangled by an orc knight

Skill      XL: |  1  2  3  4  5  6  7  8  9 10 11 |
---------------+----------------------------------+-----
Armour         | 2 5 6 7 8 9 |  9.5
Dodging        | 1 2 3 4 |  4.3
Axes           | 3 4 5 6 |  6.8
Fighting       | 4 5 6 7 |  7.0
Throwing       | 2 3 |  3.6
Stealth        | 2 3 4 |  4.2
Shields        | 2 3 4 5 6 |  6.0
Unarmed Combat | 2 3 |  3.4
Spellcasting   | 2 3 |  3.5
Invocations    | 4 6 |  6.1
Evocations     | |  0.2

Action                   |  1- 3 |  4- 6 |  7- 9 | 10-12 || total
-------------------------+-------+-------+-------+-------++-------
Melee: Hand axe          |   167 |   152 |   159 |       ||   478
       Kick              |    23 |    22 |   104 |   121 ||   270
       War axe           |       |       |   307 |   376 ||   683
Throw: Javelin           |       |       |    13 |       ||    13
Invok: Depart the Abyss  |     1 |       |       |       ||     1
       Bend Space        |       |       |     1 |       ||     1
Evoke: Wand              |       |       |     2 |       ||     2
  Use: Potion            |     3 |     2 |    10 |     1 ||    16
       Scroll            |       |     3 |    17 |       ||    20
 Stab: Distracted        |       |       |     2 |     2 ||     4
  Eat: Chunk             |     3 |     4 |    27 |    12 ||    46
       Bread ration      |       |       |       |     1 ||     1
Armor: Plate armour      |   176 |   108 |   322 |   342 ||   948
       Skin              |       |       |    12 |       ||    12
Dodge: Dodged            |    21 |    10 |   118 |   221 ||   370
Block: Shield            |    13 |    74 |    37 |       ||   124
       Buckler           |       |       |   105 |   219 ||   324
